 Dungeon Crawl Stone Soup version 0.30-a0-930-gb9d0489357 (webtiles) character file.

Game seed: 17195733649108308672

131 NinjaNoafa the Conjurer (level 4, -1/33 HPs)
             Began as a Draconian Conjurer on Mar 23, 2023.
             Slain by a sky beast (6 damage)
             ... on level 3 of the Dungeon.
             The game lasted 00:04:28 (1943 turns).

NinjaNoafa the Conjurer (Draconian Conjurer)        Turns: 1943, Time: 00:04:29

Health: -1/33      AC:  5    Str: 10    XL:     4   Next: 91%
Magic:  0/7        EV: 12    Int: 20    God:
Gold:   116        SH:  0    Dex:  9    Spells: 5/8 levels left

rFire   . . .      SeeInvis .    j - +0 short sword
rCold   . . .      Faith    .    (no shield)
rNeg    . . .      Spirit   .    (body armour unavailable)
rPois   .          Reflect  .    (helmet restricted)
rElec   .          Rampage  .    (no cloak)
rCorr   .                        (no gloves)
Will    .....                    (no boots)
Stlth   ++                       (no amulet)
HPRegen 0.25/turn                (no ring)
MPRegen 0.10/turn                (no ring)

@: no status effects
A: AC +5, unfitting armour, cold-blooded
a: no special abilities


You were on level 3 of the Dungeon.
You visited 1 branch of the dungeon, and saw 3 of its levels.

You collected 116 gold pieces.

Inventory:

Hand Weapons
 j - a +0 short sword (weapon)
Missiles
 g - 7 poisoned darts
Scrolls
 c - a scroll of teleportation {unknown}
 d - 3 scrolls of identify {unknown}
 e - a scroll of brand weapon {unknown}
 h - a scroll of blinking {unknown}
 i - 2 scrolls of enchant weapon {unknown}
 l - a scroll of amnesia {unknown}
Potions
 a - a potion of magic
 b - 3 potions of curing
 f - 2 potions of mutation {unknown}
 k - 2 potions of heal wounds {unknown}
 m - a potion of brilliance {unknown}
 n - a potion of haste {unknown}


   Skills:
 - Level 1.7 Dodging
 - Level 1.7 Stealth
 + Level 2.6 Spellcasting
 - Level 6.0 Conjurations


You had 5 spell levels left.
You knew the following spells:

 Your Spells              Type           Power      Damage    Failure   Level
a - Magic Dart            Conj           100%       1d8       1%          1
b - Searing Ray           Conj           52%        2d6       1%          2

Your spell library contained the following spells:

 Spells                   Type           Power      Damage    Failure   Level
 Dazzling Flash           Conj/Hex       28%        N/A       13%         3
 Fulminant Prism          Conj/Hex       7%         3d6       41%         4
 Iskenderun's Mystic Bla  Conj/Tloc      14%        2d5       41%         4
 Freezing Cloud           Conj/Ice/Air   5%         6-21      88%         5
 Simulacrum               Ice/Necr       1%         N/A       100%        6
 Polar Vortex             Ice            1%         N/A       100%        9


Dungeon Overview and Level Annotations

Branches:
Dungeon (3/15)

Altars:
Ashenzari
Ru
Trog


Innate Abilities, Weirdness & Mutations

Your plain brown scales are hard. (AC +5)
You cannot fit into any form of body armour.
You are cold-blooded and may be slowed by cold attacks.


Message History

Something hits you but does no damage.
A sky beast appears from thin air!
Reactivating autopickup.
The sky beast misses you. The sky beast attacks as you move away!
The sky beast hits you but does no damage.
Casting: Searing Ray (safe; 1% risk of failure)
Confirm with . or Enter, or press ? or * to list all spells.
Aiming: Searing Ray (safe; 1% risk of failure)
Press: ? - help, Shift-Dir - straight line, f - sky beast
Aim: a sky beast (71% to hit)
The searing ray hits the sky beast.
The sky beast is moderately wounded. (Press . to maintain the ray.)
The sky beast barely misses you.
The searing ray hits the sky beast.
The sky beast is heavily wounded.
The sky beast flickers out of sight!
Deactivating autopickup; reactivate with Ctrl-A.
Something hits you. Something shocks you. Something hits you.
Something shocks you.
* * * LOW HITPOINT WARNING * * *
The searing ray hits something!
You finish channelling your searing ray.
Something hits you.
* * * LOW HITPOINT WARNING * * *
Something shocks you.
* * * LOW HITPOINT WARNING * * *
Casting: Searing Ray (safe; 1% risk of failure)
Confirm with . or Enter, or press ? or * to list all spells.
You can't see any susceptible monsters within range! (Use Z to cast anyway.)
Casting: Searing Ray (safe; 1% risk of failure)
Confirm with . or Enter, or press ? or * to list all spells.
Aiming: Searing Ray (safe; 1% risk of failure)
Press: ? - help, Shift-Dir - straight line The searing ray hits something. (Press . to maintain the ray.)
Something hits you.
* * * LOW HITPOINT WARNING * * *
Something shocks you.
You die...

###### .....# .....# ###### .....#
####### #....# .....# #<....#
#....## .##### ######.###.....# .#
#.....)@{......###
.#########.####.##........#######
.'รท.............................>
.#######.#.............##.####.#.
.# #.+.........#......# #.#.
.#######.#........##..##### #.#.
........~.............# #.#.
..................###.# #.#.
.........#....##### #.# ####.#.


There were no monsters in sight!

Vanquished Creatures
  Jessica (D:2)
  4 gnolls (D:3)
  An adder (D:2)
  2 dart slugs (D:2)
  5 bats
  4 endoplasms
  2 giant cockroaches
  4 hobgoblins
  3 jackals (D:2)
  5 quokkas
  2 ball pythons (D:1)
  2 frilled lizards (D:1)
  6 goblins
  5 kobolds
  7 rats
53 creatures vanquished.

Notes
Turn   | Place    | Note
-------+----------+-------------------------------------------
     0 | D:1      | NinjaNoafa the Draconian Conjurer began the quest for the
                  | Orb.
     0 | D:1      | Reached XP level 1. HP: 14/14 MP: 3/3
   275 | D:1      | Found a faded altar of an unknown god.
   302 | D:1      | Reached XP level 2. HP: 20/20 MP: 1/5
   309 | D:1      | Learned a level 2 spell: Searing Ray
   707 | D:2      | Found a bloodstained altar of Trog.
   848 | D:2      | Reached skill level 5 in Conjurations
   848 | D:2      | Reached XP level 3. HP: 26/26 MP: 3/6
  1304 | D:2      | Noticed Jessica
  1316 | D:2      | Killed Jessica
  1317 | D:2      | Reached XP level 4. HP: 23/33 MP: 1/7
  1579 | D:3      | Found a broken altar of Ashenzari.
  1595 | D:3      | Reached skill level 6 in Conjurations
  1637 | D:3      | HP: 1/33 [gnoll/+0 club (6)]
  1640 | D:3      | Noticed a sky beast
  1841 | D:3      | Found a sacrificial altar of Ru.
  1943 | D:3      | Slain by a sky beast

Illustrated notes

Levels and vault maps discovered:
D:1:      dpeg_arrival_rooms_a, layout_rooms,
          dreamdust_ecumenical_altar_angels_and_demons
D:2:      layout_loops_corners, basic_altar, uniq_jessica
D:3:      layout_basic, cheibrodos_ashenzari_chains, marbit_many_paths,
          led_sif_book

Skill      XL: |  1  2  3  4 |
---------------+-------------+-----
Conjurations   | 5 6 |  6.0
Dodging        | |  1.7
Stealth        | |  1.7
Spellcasting   | |  2.6

Action                     |  1- 3 |  4- 6 || total
---------------------------+-------+-------++-------
  Melee: Dagger            |    12 |       ||    12
         Tailslap          |     4 |       ||     4
         Short sword       |    15 |     8 ||    23
         Punch             |     1 |       ||     1
   Cast: Magic Dart        |    44 |    11 ||    55
         Searing Ray       |     6 |     7 ||    13
    Use: Potion            |       |     1 ||     1
 Armour: Skin              |    15 |     7 ||    22
  Dodge: Dodged            |    42 |    25 ||    67

Table legend: (Time is in decaauts)
 A = Elapsed time spent in this place.
 B = Non-inter-level travel time spent in this place.
 C = Inter-level travel time spent in this place.
 D = Time resting spent in this place.
 E = Time spent auto-exploring this place.
 F = Levels seen in this place.
 G = Mean time per level.
                   A        B        C        D        E       F      G
               +--------+--------+--------+--------+--------+-----+--------+
         Total |   1941 |   1807 |    134 |     24 |   1372 |   3 |  647.0 |
       Dungeon |   1941 |   1807 |    134 |     24 |   1372 |   3 |  647.0 |
               +--------+--------+--------+--------+--------+-----+--------+

Top non-repeatable levels by time:
     D:2: 880 daAuts
     D:1: 581 daAuts
     D:3: 479 daAuts
